 Dungeon Crawl Stone Soup version 0.27-a0-1196-g3e9cee4cb2 (webtiles) character file.

Game seed: 6116450623756670107

227558 jather the Executioner (level 19, -1/138 (146) HPs)
             Began as a Hill Orc Fighter on May 27, 2021.
             Was the Champion of Ru.
             Splashed by a deep elf sorcerer's acid (3 damage)
             ... on level 3 of the Elven Halls.
             The game lasted 03:39:17 (38786 turns).

jather the Executioner (Hill Orc Fighter)          Turns: 38786, Time: 03:39:19

HP:   -1/138 (146)  AC: 45    Str: 23    XL:     19   Next: 39%
MP:   17/17         EV: 11    Int:  7    God:    Ru [******]
Gold: 3732          SH:  0    Dex:  6    Spells: 18/18 levels left

rFire    + . .     SeeInvis .   y - +3 executioner's axe (freeze)
rCold    . . .     Faith    .   (shield currently unavailable)
rNeg     . . .     Spirit   .   I - +8 orange crystal plate armour {Archmagi, Int+3 Clar}
rPois    +         Reflect  .   O - +2 hat
rElec    +         Harm     .   e - +0 cloak
rCorr    +         Rampage  .   (no gloves)
Will     +....     Clarity  +   h - +2 pair of boots
Stlth    ..........             R - amulet of regeneration
HPRegen  0.00/turn              w - +4 ring of protection
MPRegen  0.15/turn              S - ring of protection from fire

@: mighty, agile, resistant, unable to read, drained
A: clumsy 1[+1], dopey 1[+1], inability to use devices, no earth magic, no hexes
magic, no summoning magic, disrupted magic 1, temperature sensitive, clumsy
1[+1], dopey 1[+1], [frail 2], [low mp 1], [screaming 2], [inhibited
regeneration], [weak 2], [inability to read while threatened]
}: 1/15 runes: serpentine
a: Renounce Religion, Draw Out Power, Power Leap, Apocalypse


You were on level 3 of the Elven Halls.
You worshipped Ru.
Ru was exalted by your worship.
You visited 6 branches of the dungeon, and saw 29 of its levels.
You visited the Abyss 1 time.
You also visited: Sewer, Ossuary and Ice Cave.

You collected 4266 gold pieces.
You spent 534 gold pieces at shops.

Inventory:

Hand Weapons
 y - a +3 executioner's axe of freezing (weapon)
 B - a +0 double sword
 T - the +3 broad axe "Utavojie" {venom, rCorr Dex+4}
   (You acquired it on level 2 of the Elven Halls)

   It poisons the flesh of those it strikes.
   It affects your dexterity (+4).
   It protects you from acid and corrosion.
 Z - a +2 spear of flaming
Missiles
 N - 3 curare-tipped darts
Armour
 e - a +0 cloak (worn)
 h - a +2 pair of boots (worn)
 D - a +0 kite shield of reflection
 E - a +3 plate armour of willpower
 I - the +8 orange crystal plate armour (worn) {Archmagi, Int+3 Clar}
   (You acquired it on level 13 of the Dungeon)

   It affects your intelligence (+3).
   It protects you against confusion.
 O - a +2 hat (worn)
Jewellery
 b - a ring of protection from cold
 i - a ring of magical power
 k - a +6 ring of strength
 n - a ring of positive energy
 r - a ring of protection from cold
 v - a ring of see invisible
 w - a +4 ring of protection (left hand)
 A - a ring of poison resistance
 H - a ring of positive energy
 K - a ring of flight
 R - an amulet of regeneration (around neck)
 S - a ring of protection from fire (right hand)
Wands
 q - a wand of iceblast (31)
 t - a wand of flame (33) (quivered)
 P - a wand of mindburst (28)
 U - a wand of polymorph (38)
 X - a wand of charming (14)
Scrolls
 a - 7 scrolls of identify
 c - a scroll of summoning {unknown}
 j - 13 scrolls of teleportation
 l - 4 scrolls of vulnerability
 m - 4 scrolls of enchant weapon
 o - 2 scrolls of fog
 p - 3 scrolls of silence
 u - 4 scrolls of magic mapping
 z - 4 scrolls of immolation
 F - 6 scrolls of enchant armour
 Q - 5 scrolls of amnesia
 V - 2 scrolls of blinking
 W - a scroll of fear
Potions
 d - 7 potions of flight
 g - 9 potions of curing
 s - 8 potions of mutation
 x - a potion of resistance
 C - 6 potions of haste
 G - 3 potions of lignification
 J - a potion of berserk rage
 L - 4 potions of ambrosia
 M - 6 potions of attraction
 Y - a potion of magic


   Skills:
 + Level 19.6 Fighting
 + Level 23.4 Axes
 + Level 18.2 Armour
 - Level 13.3 Shields
 - Level 3.5 Unarmed Combat


You had 18 spell levels left.
You didn't know any spells.
Your spell library contained the following spells:

 Spells                   Type           Power      Damage    Failure   Level
 Animate Skeleton         Necr           0%         N/A       100%        1
 Beastly Appendage        Tmut           0%         N/A       100%        1
 Freeze                   Ice            0%         1d3       100%        1
 Magic Dart               Conj           0%         1d3       100%        1
 Pain                     Necr           0%         1d4       100%        1
 Shock                    Conj/Air       0%         1d3       100%        1
 Corpse Rot               Necr/Air       N/A        N/A       100%        2
 Poisonous Vapours        Pois/Air       0%         N/A       100%        2
 Searing Ray              Conj           0%         3d3       100%        2
 Static Discharge         Conj/Air       0%         N/A       100%        2
 Wereblood                Tmut           0%         N/A       100%        2
 Conjure Flame            Conj/Fire      0%         6-21      100%        3
 Frozen Ramparts          Ice            0%         1d2       100%        3
 Gell's Gravitas          Tloc           0%         N/A       100%        3
 Mephitic Cloud           Conj/Pois/Air  0%         N/A       100%        3
 Ozocubu's Armour         Ice            0%         N/A       100%        3
 Spider Form              Tmut/Pois      0%         N/A       100%        3
 Swiftness                Air            0%         N/A       100%        3
 Vampiric Draining        Necr           0%         2d6       100%        3
 Airstrike                Air            0%         N/A       100%        4
 Animate Dead             Necr           0%         N/A       100%        4
 Hailstorm                Conj/Ice       0%         3d3       100%        4
 Ice Form                 Ice/Tmut       0%         N/A       100%        4
 Iskenderun's Mystic Bla  Conj/Tloc      0%         2d3       100%        4
 Olgreb's Toxic Radiance  Pois           0%         N/A       100%        4
 Passage of Golubria      Tloc           N/A        N/A       100%        4
 Agony                    Necr           0%         N/A       100%        5
 Hydra Form               Tmut           0%         N/A       100%        5
 Lightning Bolt           Conj/Air       0%         1d11      100%        5
 Freezing Cloud           Conj/Ice/Air   0%         6-21      100%        6
 Corona                   Hex            Unusable   N/A       N/A         1
 Ensorcelled Hibernation  Hex/Ice        Unusable   N/A       N/A         2
 Passwall                 Tmut/Erth      Unusable   N/A       N/A         2
 Confusing Touch          Hex            Unusable   N/A       N/A         3
 Dazzling Flash           Conj/Hex       Unusable   N/A       N/A         3
 Tukima's Dance           Hex            Unusable   N/A       N/A         3
 Animate Armour           Summ/Erth      Unusable   N/A       N/A         4
 Fulminant Prism          Conj/Hex       Unusable   3d6       N/A         4
 Leda's Liquefaction      Hex/Erth       Unusable   N/A       N/A         4
 Petrify                  Tmut/Erth      Unusable   N/A       N/A         4
 Bolt of Magma            Conj/Fire/Erth Unusable   4d4       N/A         5
 Lee's Rapid Deconstruct  Erth           Unusable   3d5*      N/A         5
 Metabolic Englaciation   Hex/Ice        Unusable   N/A       N/A         5
 Yara's Violent Unravell  Hex/Tmut       Unusable   3d3       N/A         5
 Invisibility             Hex            Unusable   N/A       N/A         6
 Iron Shot                Conj/Erth      Unusable   9d1       N/A         6
 Statue Form              Tmut/Erth      Unusable   N/A       N/A         6
 Shatter                  Erth           Unusable   3d5*      N/A         9

Dungeon Overview and Level Annotations

Branches:
Dungeon (14/15)            Temple (0/1) D:5            Lair (5/6) D:8
 Shoals (0/4) Lair:3        Snake (4/4) Lair:2        Slime (0/5) Lair:5
    Orc (2/2) D:11            Elf (3/3) Orc:2         Sewer (visited)
Ossuary (visited)           IceCv (visited)
 Vaults: D:13-14

Altars:
Dithmenos
Elyvilon
Gozag
Kikubaaqudgha
Makhleb
Ru
Trog
Uskayaw
Vehumet
Zin
Beogh
Jiyva

Shops:
D:8 *   D:12 *   Orc:1 :   Orc:2 (*[   Snake:1 !   Snake:2 !

Portals:
Trove: D:11 (lose all piety)

Annotations:
D:12 Frances


Innate Abilities, Weirdness & Mutations

[You are very clumsy. (Dex -4)]
[You are very dopey. (Int -4)]
You cannot study or use magical devices.
You cannot study or cast Earth magic.
You cannot study or cast Hexes magic.
You cannot study or cast Summoning magic.
Your casting is slightly disrupted.
You are sensitive to extremes of temperature. (rF-, rC-)
[You are very clumsy. (Dex -4)]
[You are very dopey. (Int -4)]
[You are very frail. (-20% HP)]
[Your magical capacity is low. (-10% MP)]
[You frequently scream uncontrollably at your foes.]
[You do not regenerate when monsters are visible.]
[You are very weak. (Str -4)]
[You sometimes lose the ability to read scrolls when taking damage.]


Message History

The deep elf annihilator begins to cast a spell, but is stunned by your conviction!
Press: ? - help, v - describe, . - travel
Here: a wretched star (severely damaged, strong, slightly transparent, softly glowing)
The floor, spattered with blood.
You feel protected.
You feel less exhausted.
The deep elf sorcerer is stunned by your conviction and fails to attack.
The deep elf sorcerer begins to cast a spell, but is stunned by your conviction!
The deep elf sorcerer hits you but does no damage.
You redirect something's attack!
You barely miss the deep elf sorcerer. You barely miss something.
A wretched star appears from thin air!
You redirect the deep elf sorcerer's attack!
The deep elf sorcerer barely misses you.
The wretched star glows turbulently.
The lance of force hits you!!
* * * LOW HITPOINT WARNING * * *
You are knocked back by the lance of force.
You collide with the deep elf sorcerer!
The deep elf death mage begins to cast a spell, but is stunned by your conviction!
The wretched star begins to attack, but is stunned by your conviction!
You hit the deep elf sorcerer. You freeze the deep elf sorcerer.
The deep elf sorcerer is heavily wounded.
You miss the wretched star.
The deep elf sorcerer closely misses you.
The deep elf annihilator mumbles some strange words.
The deep elf annihilator blinks!
The deep elf sorcerer shouts, "You can't withstand my power!"
The deep elf sorcerer gestures at you while chanting.
You resist the pull of the Abyss.
The wretched star begins to attack, but is stunned by your conviction!
You redirect the deep elf sorcerer's attack!
The deep elf sorcerer casts a spell at the deep elf death mage.
The bolt of acid hits the deep elf death mage!!!
The deep elf death mage is splashed with acid.
The acid corrodes the deep elf death mage!
The deep elf sorcerer casts a spell at you.
The bolt of acid hits you! You resist.
* * * LOW HITPOINT WARNING * * *
You are splashed with acid.
You resist.
You die...

###8.........8#.#
##.........##.#
##8.....8##..#
##.....##...##
##8.8##.....#
##'##......## #
#.e.........# ###
####...........# ###..
##.##.@*.X......# #....
##...##..e.*....####'#.e
##.....#.........###.##'#
#......##......<###e###.#
##.....##..ยง....##e##
#.# ##...#####e#####.##
#.# ##.#'## #.# ##e## #.#
####.###.###.## ##[#
##.##'##.## ##...


You could see 2 wretched stars, a deep elf death mage (corroded), 2 deep elf
sorcerers and a large abomination.

Vanquished Creatures
  Vashnia (Snake:2)
  Jorgrun (D:12)
  2 deep elf master archers (Elf:3)
  2 deep elf blademasters
  Gastronok (Lair:1)
  2 tentacled starspawn (Abyss:3)
  A thorn hunter (Abyss:3)
  A nagaraja (Snake:4)
  Donald (Snake:3)
  3 deep elf sorcerers
  Aizul (Snake:3)
  3 deep elf elementalists (Elf:3)
  3 deep elf demonologists (Elf:3)
  3 deep elf annihilators (Elf:3)
  An entropy weaver (Abyss:3)
  Josephine (D:12)
  A deep elf death mage (Elf:2)
  A fire dragon (Lair:5)
  A deep elf high priest (Elf:3)
  5 salamander tyrants
  12 naga warriors
  5 hydras
  2 rakshasas (Abyss:3)
  11 anacondas
  An anaconda (shapeshifter) (Elf:1)
  2 two-headed ogres (D:10)
  A centaur warrior (D:14)
  28 dancing weapons
  4 death yaks (Lair:3)
  15 naga sharpshooters
  A thrashing horror (Abyss:3)
  6 shock serpents
  A sun demon (Abyss:3)
  7 deep elf knights
  Nergalle (Lair:2)
  A sixfirhy (Abyss:3)
  2 wretched stars (Abyss:3)
  8 salamander mystics
  A spatial maelstrom (Abyss:3)
  4 deep elf archers
  A glowing orange brain (Abyss:3)
  2 large abominations (Abyss:3)
  A swamp dragon (Abyss:3)
  A shadow dragon zombie (Abyss:3)
  An orc knight (Orc:2)
  7 orc sorcerers (Orc:2)
  22 deep elf pyromancers
  11 naga ritualists
  15 deep elf zephyrmancers
  11 mana vipers
  13 salamanders
  A manticore (Lair:2)
  43 black mambas
  2 ugly things (IceCv)
  A worldbinder (Abyss:3)
  A stone giant skeleton (Abyss:3)
  6 elephants
  21 naga magi
  3 ice statues (IceCv)
  A torpor snail (Lair:2)
  An apocalypse crab (Abyss:3)
  Maurice (D:8)
  5 guardian serpents
  13 cane toads
  Psyche (D:8)
  8 rime drakes
  A kobold demonologist (D:12)
  Maggie (D:8)
  An efreet (Abyss:3)
  5 komodo dragons
  A demonic crawler (Abyss:3)
  The ghost of Gruesome the Digger, a novice OpEE of Kikubaaqudgha (D:6)
  An ancient zyme (Abyss:3)
  A queen bee (Lair:2)
  2 trolls
  A hydra skeleton (Abyss:3)
  2 polar bears (Lair:5)
  4 raiju (Abyss:3)
  Grinder (D:3)
  A raiju (shapeshifter) (Orc:1)
  4 small abominations (Abyss:3)
  10 blink frogs
  4 air elementals
  4 wyverns (Lair:2)
  A ynoxinul (Abyss:3)
  5 wraiths
  A water elemental (Elf:1)
  50 yaks
  Grum (D:8)
  9 basilisks
  2 fire elementals (Elf:1)
  14 steam dragons
  5 vampire mosquitoes
  11 wargs
  Edmund (D:4)
  A neqoxec (Abyss:3)
  An acid dragon (D:12)
  26 nagas
  20 water moccasins
  A water moccasin (shapeshifter) (D:14)
  Duvessa (D:4)
  2 hornet zombies (Ossuary)
  6 ice beasts (IceCv)
  3 sky beasts
  3 black bears
  10 orc warriors
  4 ogres
  14 wolves
  A necrophage (D:4)
  9 centaurs
  Blork the orc (D:4)
  4 kobold brigands
  10 bullfrogs
  3 scorpions
  2 wyvern zombies
  2 earth elementals (Elf:1)
  Dowan (D:4)
  A water moccasin zombie (Ossuary)
  A water moccasin skeleton (D:4)
  30 killer bees
  2 howler monkeys
  7 electric eels
  8 centaur zombies
  8 starcursed masses (Abyss:3)
  A quasit (Abyss:3)
  7 bullfrog zombies (Ossuary)
  9 orc priests
  2 centaur skeletons
  A gnoll shaman (D:7)
  A hound (D:5)
  3 jellies
  A scorpion zombie (D:5)
  Terence (D:2)
  Natasha (thrice) (D:2)
  15 iguanas
  A merfolk siren (Sewer)
  34 orc wizards
  A hell rat (Lair:2)
  A merfolk avatar (Sewer)
  A killer bee zombie (Ossuary)
  A hound zombie (D:5)
  A hound skeleton (D:5)
  15 mummies (Ossuary)
  A howler monkey zombie (Ossuary)
  Robin (D:3)
  9 adders
  6 gnolls
  5 river rats
  2 shadow imps
  14 white imps
  2 worms
  3 dart slugs
  60 orcs
  3 bats
  7 endoplasms
  A giant cockroach (Sewer)
  15 goblins
  15 hobgoblins
  10 jackals
  27 kobolds
  4 quokkas
  10 ball pythons
  16 frilled lizards
  29 rats
  3 starspawn tentacles (Abyss:3)
1010 creatures vanquished.

Vanquished Creatures (others)
  A tentacled starspawn (Abyss:3)
  A boulder beetle (D:11)
  2 deep elf knights (Elf:2)
  A naga sharpshooter (Snake:2)
  A salamander mystic (Snake:4)
  A deep elf zephyrmancer (Elf:1)
  A deep elf pyromancer (Elf:1)
  2 salamanders
  2 black mambas
  A naga mage (Snake:4)
  A rime drake (Lair:5)
  A cane toad (Lair:1)
  A komodo dragon (Lair:4)
  A troll (Orc:2)
  A small abomination (Abyss:3)
  2 yaks
  A naga (Snake:4)
  A water moccasin (Lair:2)
  A centaur (D:14)
  A bullfrog (Lair:1)
  3 orc wizards (Orc:2)
  2 gnolls
  2 orcs (D:7)
  A frilled lizard (D:10)
  23 fungi
  33 plants
  3 starspawn tentacles (Abyss:3)
  5 toadstools (D:7)
  3 withered plants (Ossuary)
99 creatures vanquished.

Grand Total: 1109 creatures vanquished

Notes
Turn   | Place    | Note
-------+----------+-------------------------------------------
     0 | D:1      | jather the Hill Orc Fighter began the quest for the Orb.
     0 | D:1      | Reached XP level 1. HP: 19/19 MP: 1/1
   106 | D:2      | Reached skill level 3 in Axes
   106 | D:2      | Reached XP level 2. HP: 3/27 MP: 2/2
   638 | D:1      | Found a faded altar of an unknown god.
   647 | D:1      | Became a worshipper of Ru the Awakened
   652 | D:1      | Gained mutation: You cannot study or cast Earth magic. [Ru
                  | sacrifice]
   652 | D:1      | Gained mutation: You cannot study or cast Hexes magic. [Ru
                  | sacrifice]
   652 | D:1      | Gained mutation: You cannot study or cast Summoning magic.
                  | [Ru sacrifice]
   652 | D:1      | Reached * piety under Ru
   657 | D:1      | Reached XP level 3. HP: 33/33 MP: 3/3
   779 | D:2      | Noticed Terence
   789 | D:2      | Killed Terence
  1041 | D:2      | Noticed Natasha
  1048 | D:2      | Killed Natasha
  1049 | D:2      | Reached XP level 4. HP: 31/41 MP: 4/4
  1073 | D:2      | Noticed Natasha
  1081 | D:2      | Killed Natasha
  1095 | D:2      | Reached skill level 4 in Axes
  1371 | D:2      | Reached XP level 5. HP: 43/47 MP: 5/5
  1382 | D:2      | Noticed Natasha
  1389 | D:2      | Killed Natasha
  2058 | D:3      | Noticed Robin
  2068 | D:3      | Killed Robin
  2105 | D:3      | Found a shadowy altar of Dithmenos.
  2169 | D:3      | Noticed Grinder
  2183 | D:3      | Killed Grinder
  2184 | D:3      | Reached skill level 5 in Fighting
  2184 | D:3      | Reached skill level 5 in Axes
  2184 | D:3      | Reached XP level 6. HP: 33/56 MP: 6/6
  2807 | D:3      | Found a burning altar of Makhleb.
  3360 | D:4      | Noticed Edmund
  3375 | D:4      | Killed Edmund
  3376 | D:4      | Reached skill level 5 in Armour
  3376 | D:4      | Reached skill level 5 in Shields
  3376 | D:4      | Reached XP level 7. HP: 18/58 MP: 7/7
  3643 | D:4      | Noticed Dowan
  3648 | D:4      | Noticed Duvessa
  3653 | D:4      | Killed Duvessa
  3656 | D:4      | Killed Dowan
  3657 | D:4      | Reached skill level 6 in Axes
  3778 | D:4      | Found a glowing drain.
  3787 | Sewer    | Entered a sewer
  3978 | Sewer    | Gained mutation: Your casting is slightly disrupted. [Ru
                  | sacrifice]
  3998 | Sewer    | Reached XP level 8. HP: 64/71 MP: 8/8
  4404 | D:4      | Noticed Blork the orc
  4430 | D:4      | Killed Blork the orc
  5177 | D:5      | Entered Level 5 of the Dungeon
  5198 | D:5      | Found a glowing silver altar of Zin.
  5275 | D:5      | Found a staircase to the Ecumenical Temple.
  5307 | D:5      | Reached skill level 7 in Axes
  5321 | D:5      | Found an opulent altar of Gozag.
  5488 | D:5      | Found a sand-covered staircase.
  5498 | Ossuary  | Entered an ossuary
  5627 | Ossuary  | Reached XP level 9. HP: 17/79 MP: 9/9
  5868 | Ossuary  | Reached skill level 8 in Axes
  6775 | D:6      | Found a runed translucent door.
  6832 | D:6      | Noticed Gruesome's ghost (novice OpEE)
  6974 | D:6      | Found an ancient bone altar of Kikubaaqudgha.
  6998 | D:6      | Found a hide-covered altar of Uskayaw.
  7146 | D:6      | HP: 4/82 [water moccasin (3)]
  7754 | D:6      | Reached skill level 9 in Axes
  8159 | D:6      | Killed Gruesome's ghost
  8229 | D:7      | Reached XP level 10. HP: 91/91 MP: 10/10
  9162 | D:8      | Noticed Maggie
  9185 | D:8      | Killed Maggie
  9520 | D:8      | Noticed Maurice
  9541 | D:8      | Killed Maurice
  9542 | D:8      | Reached skill level 10 in Axes
  9887 | D:8      | Noticed Grum
  9903 | D:8      | Killed Grum
 10160 | D:8      | Found Gomnexte's General Store.
 10228 | D:8      | Reached skill level 10 in Fighting
 10266 | D:8      | Found a staircase to the Lair.
 10412 | D:8      | Noticed Psyche
 10462 | D:8      | Killed Psyche
 10998 | D:9      | Found a bloodstained altar of Trog.
 11399 | D:9      | Reached XP level 11. HP: 79/101 MP: 11/11
 11726 | D:9      | Reached skill level 11 in Axes
 12680 | D:10     | Entered Level 10 of the Dungeon
 12713 | D:10     | Reached skill level 10 in Shields
 12766 | D:10     | Reached skill level 10 in Armour
 13415 | D:10     | Noticed a two-headed ogre
 13429 | D:10     | Killed a two-headed ogre
 13636 | D:10     | Gained mutation: You are sensitive to extremes of
                  | temperature. (rF-, rC-) [Ru sacrifice]
 13636 | D:10     | Reached ** piety under Ru
 13636 | D:10     | Reached *** piety under Ru
 13731 | D:10     | Reached skill level 12 in Axes
 13856 | D:10     | Noticed a two-headed ogre
 13866 | D:10     | Killed a two-headed ogre
 14663 | D:10     | Reached XP level 12. HP: 111/111 MP: 12/12
 14787 | D:11     | Found a portal to a secret trove of treasure.
 14841 | D:11     | You fall into a shaft and drop 3 floors!
 14887 | D:14     | Noticed a centaur warrior
 14913 | D:14     | Killed a centaur warrior
 15029 | D:14     | Noticed an ettin
 15244 | D:13     | Identified 2 scrolls of acquirement
 15244 | D:13     | Acquired a +1 executioner's axe of venom
 15257 | D:13     | Acquired the +8 orange crystal plate armour {Archmagi,
                  | Int+3 Clar}
 15258 | D:13     | Found the +8 orange crystal plate armour {Archmagi, Int+3
                  | Clar}
 15317 | D:12     | Noticed Jorgrun
 15331 | D:12     | Killed Jorgrun
 15342 | D:12     | Noticed a four-headed hydra
 15364 | D:13     | Killed a four-headed hydra
 15439 | D:12     | Noticed a five-headed hydra
 15455 | D:12     | Killed a five-headed hydra
 15456 | D:12     | Reached skill level 13 in Axes
 15527 | D:12     | Found Muni's Assorted Antiques.
 15546 | D:12     | Bought a white potion for 25 gold pieces
 15566 | D:12     | Noticed Frances
 15566 | D:12     | Noticed a two-headed ogre
 15566 | D:12     | Noticed Josephine
 15574 | D:12     | Noticed a sun demon
 15585 | D:12     | Noticed a soul eater
 15725 | D:12     | Killed Josephine
 15928 | D:11     | You fall into a shaft and drop 2 floors!
 16223 | D:11     | Noticed a boulder beetle
 16277 | D:11     | Killed a boulder beetle
 16366 | D:11     | Found a staircase to the Orcish Mines.
 17098 | Orc:1    | Entered Level 1 of the Orcish Mines
 17124 | Orc:1    | Gained mutation: You cannot study or use magical devices.
                  | [Ru sacrifice]
 17124 | Orc:1    | Reached **** piety under Ru
 17124 | Orc:1    | Reached ***** piety under Ru
 17157 | Orc:1    | Found Carash's Book Emporium.
 17247 | Orc:1    | Found a roughly hewn altar of Beogh.
 17618 | Orc:2    | Entered Level 2 of the Orcish Mines
 17667 | Orc:2    | Reached XP level 13. HP: 122/122 MP: 7/13
 17967 | Orc:2    | Reached skill level 14 in Axes
 18027 | Orc:2    | Found a roughly hewn altar of Beogh.
 18406 | Orc:2    | Found a staircase to the Elven Halls.
 18468 | Orc:2    | Found a roughly hewn altar of Beogh.
 18663 | Orc:2    | Found Toyf's Weapon Shop.
 18663 | Orc:2    | Found Ymooj's Antique Weapon Shoppe.
 18668 | Orc:2    | Bought a +2 spear of flaming for 243 gold pieces
 18761 | Orc:2    | Found Zuonwito's General Store.
 18761 | Orc:2    | Found Kuuluasch's Armour Shoppe.
 18766 | Orc:2    | Bought a scroll of identify for 34 gold pieces
 18883 | Elf:1    | Entered Level 1 of the Elven Halls
 19073 | Lair:1   | Entered Level 1 of the Lair of Beasts
 19094 | Lair:1   | Noticed Gastronok
 19121 | Lair:1   | Killed Gastronok
 19903 | Lair:2   | Found a staircase to the Snake Pit.
 20031 | Lair:2   | Found a frozen archway.
 20048 | Lair:2   | Reached skill level 15 in Axes
 20054 | IceCv    | Entered an ice cave
 20073 | IceCv    | Reached XP level 14. HP: 117/132 MP: 14/14
 20096 | IceCv    | Identified the +1 ring mail of Activism {rPois Int-5 Dex+2}
 20407 | IceCv    | Identified the Disquisition on Dark Contamination
 20792 | Lair:2   | Noticed Nergalle
 20799 | Lair:2   | Killed Nergalle
 20836 | Lair:2   | Identified the +4 hand crossbow "Raos" {flame, rPois Will+
                  | rCorr}
 21423 | Lair:3   | Reached skill level 16 in Axes
 21577 | Lair:3   | Found a staircase to the Shoals.
 22449 | Lair:4   | Reached skill level 15 in Fighting
 23061 | Lair:5   | Identified the +1 long sword of the Hidden Mystics {flame,
                  | rPois Dex+3}
 23294 | Lair:5   | Gained mutation: [You are dopey. (Int -2)] [Ru sacrifice]
 23380 | Lair:5   | Reached skill level 17 in Axes
 23762 | Lair:5   | Found a viscous altar of Jiyva.
 23762 | Lair:5   | Found a staircase to the Slime Pits.
 24102 | Shoals:1 | Entered Level 1 of the Shoals
 24157 | Snake:1  | Entered Level 1 of the Snake Pit
 24157 | Snake:1  | Found Umpip's Distillery.
 24163 | Snake:1  | Bought a potion of invisibility for 80 gold pieces
 24184 | Snake:1  | Reached XP level 15. HP: 108/141 MP: 15/15
 24294 | Snake:1  | Reached XP level 16. HP: 149/149 MP: 16/16
 24356 | Snake:1  | Reached skill level 18 in Axes
 24657 | Snake:1  | Found a white marble altar of Elyvilon.
 25529 | Snake:2  | Reached skill level 15 in Armour
 25540 | Snake:2  | Gained mutation: [You are clumsy. (Dex -2)] [Ru sacrifice]
 25540 | Snake:2  | Reached ****** piety under Ru
 25613 | Snake:2  | Identified the +7 long sword of Cuan {vorpal, Int+3 Dex+3}
 25625 | Snake:2  | Noticed Vashnia
 25631 | Snake:2  | Reached skill level 19 in Axes
 26595 | Snake:2  | Killed Vashnia
 27179 | Snake:2  | Found Zupreroqo's Distillery.
 27188 | Snake:2  | Bought a potion of mutation for 152 gold pieces
 27480 | Snake:3  | Noticed Aizul
 27488 | Snake:3  | Noticed Donald
 27497 | Snake:3  | Killed Donald
 27498 | Snake:3  | Reached XP level 17. HP: 40/160 MP: 1/17
 27499 | Snake:3  | Reached skill level 20 in Axes
 27501 | Snake:3  | Killed Aizul
 27504 | Snake:3  | HP: 8/160 [anaconda (9)]
 29068 | Snake:4  | Entered Level 4 of the Snake Pit
 30120 | Snake:4  | Acquired 917 gold pieces
 30846 | Snake:4  | Reached skill level 21 in Axes
 31918 | Snake:4  | Got a serpentine rune of Zot
 32393 | Orc:2    | Reached XP level 18. HP: 80/171 MP: 18/18
 32984 | Elf:1    | Reached skill level 22 in Axes
 33497 | Elf:1    | You fall into a shaft and drop 1 floor!
 34166 | Elf:1    | Found a radiant altar of Vehumet.
 34786 | Elf:2    | Found a runed translucent gate.
 34786 | Elf:2    | Found a runed translucent gate.
 34786 | Elf:2    | Found a runed translucent gate.
 34930 | Elf:2    | Acquired the +3 broad axe "Utavojie" {venom, rCorr Dex+4}
 35108 | Elf:2    | Noticed a deep elf blademaster
 35133 | Elf:2    | Killed a deep elf blademaster
 35747 | Elf:2    | HP: 1/159 [+2 battleaxe of electrocution (20)]
 36783 | Elf:3    | Entered Level 3 of the Elven Halls
 37096 | Elf:3    | Noticed a deep elf master archer
 37113 | Elf:3    | Killed a deep elf master archer
 37127 | Elf:3    | Noticed a Brimstone Fiend
 37130 | Elf:3    | Noticed a deep elf blademaster
 37159 | Elf:3    | Killed a deep elf blademaster
 37182 | Elf:3    | Noticed a deep elf master archer
 37218 | Elf:3    | Killed a deep elf master archer
 37219 | Elf:3    | Reached skill level 23 in Axes
 37222 | Elf:3    | Identified the ring "Kenuenya" {rElec Will+ Str+4 Int+6}
 37844 | Elf:3    | Reached XP level 19. HP: 180/181 MP: 19/19
 38142 | Elf:3    | Noticed a Hell Sentinel
 38163 | Elf:3    | Noticed an Ice Fiend
 38258 | Elf:3    | Cast into level 3 of the Abyss (a deep elf sorcerer)
 38509 | Abyss:3  | Paralysed by accursed screaming for 1 turns
 38779 | Elf:3    | Escaped the Abyss
 38786 | Elf:3    | HP: 2/138 [deep elf sorcerer/bolt of acid (16)]
 38786 | Elf:3    | Splashed by a deep elf sorcerer's acid

Illustrated notes

Levels and vault maps discovered:
D:1:      saegor_arrival_simple_b, layout_rooms, basic_ecumenical_altar
D:2:      layout_rooms, uniq_natasha, uniq_terence
D:3:      layout_basic, grunt_dithmenos_smoke, lightli_temple_of_fire,
          grunt_ministairs_9, uniq_grinder, uniq_robin
D:4:      layout_basic, portal_sewer_entry_d, uniq_blork_the_orc, uniq_duvessa,
          uniq_edmund
D:5:      layout_cave_pools, zin_statuary, old_standard_altar,
          minmay_temple_entry_glass, enter_ossuary_1, kennysheep_small_square
D:6:      layout_loops_cross, kiku_gazebo_pond_becter,
          overflow_temple_1_default, ebering_ghost_sewer_d
D:7:      layout_loops_ring, minmay_gold_behind_fungi
D:8:      layout_basic, grunt_lair_entry_orc_guard_hut, serial_shops, shop,
          uniq_grum, uniq_maggie, uniq_maurice, uniq_psyche
D:9:      layout_grid_maze, nicolae_overflow_crystal_walls
D:10:     lemuel_reptile_caves, layout_basic
D:11:     layout_basic, erik_orc_3, enter_trove_6
D:12:     layout_basic, serial_shops, kennysheep_little_box,
          kennysheep_generic_room_12, uniq_fannar, uniq_jorgrun, uniq_frances,
          uniq_josephine
D:13:     layout_roguey
D:14:     layout_roguey, david_vaults_4, nicolae_ru_sacrificial_ziggurat,
          chequers_serial_rivers_small_3
Lair:1:   layout_gridlike, nicolae_lair_grove_arrangements,
          infiniplex_staircase_pool_2, uniq_gastronok
Lair:2:   regret_index_combs_of_tragedy, layout_hall_layers,
          minmay_snake_entry_six_corridors, portal_ice_cave_entry_imps,
          beast_lair_carwin_7, lemuel_fruit_fields, uniq_nergalle
Lair:3:   layout_roguey, minmay_shoals_entry_centaurs
Lair:4:   layout_big_grid
Lair:5:   layout_cave_pods, dpeg_slime_entry_enclosed_altar,
          bobbens_dragon_lair_wall
Shoals:1: layout_shoals, serial_shops, shop, lemuel_altar_in_water
Snake:1:  layout_onion, basic_altar, serial_shops, shop, serial_bayou_shore_b,
          grunt_megastairs_2
Snake:2:  layout_misc_corridors, serial_shops, shop, drop_trap, uniq_vashnia
Snake:3:  layout_onion_interference, st_stairs_10, uniq_aizul, uniq_donald
Snake:4:  snake_pit, layout_misc_corridors
Orc:1:    layout_caves, serial_shops, nicolae_shop_statue_plus,
          david_defended_altar_orc
Orc:2:    st_orc_town, layout_caves, basic_altar
Elf:1:    eino_elf_arrival_sip, layout_loops_cross, basic_altar, minivault_28
Elf:2:    layout_geoelf_diagonals
Elf:3:    grunt_elf_hall_diamonds, layout_geoelf_octagon, dk_noncrumbling_4

Skill      XL: |  1  2  3  4  5  6  7  8  9 10 11 12 13 14 15 16 17 18 19 |
---------------+----------------------------------------------------------+-----
Axes           | 3 4 5 6 7 9 10 12 13 15 17 19 21 23 | 23.4
Fighting       | 4 5 6 7 9 10 11 13 14 15 16 17 19 | 19.6
Armour         | 4 5 6 8 9 10 12 13 14 15 16 17 18 | 18.2
Shields        | 4 5 6 8 9 10 12 13 | 13.3
Unarmed Combat | 3 |  3.5

Action                   |  1- 3 |  4- 6 |  7- 9 | 10-12 | 13-15 | 16-18 | 19-21 || total
-------------------------+-------+-------+-------+-------+-------+-------+-------++-------
Melee: War axe           |    67 |   129 |   507 |   833 |   590 |       |       ||  2126
       Spear             |       |       |       |       |    23 |       |       ||    23
       Executioner's axe |       |       |       |       |   361 |   657 |   131 ||  1149
       Broad axe         |       |       |       |       |       |   527 |    42 ||   569
Invok: Sacrifice Arcana  |     1 |       |       |       |       |       |       ||     1
       Sacrifice Essence |       |       |     1 |       |       |       |       ||     1
       Reject Sacrifices |       |       |     1 |       |     1 |       |       ||     2
       Sacrifice Resista |       |       |       |     1 |       |       |       ||     1
       Draw Out Power    |       |       |       |     2 |     3 |    14 |     1 ||    20
       Power Leap        |       |       |       |     1 |     1 |     3 |       ||     5
       Sacrifice Artific |       |       |       |     1 |       |       |       ||     1
       Apocalypse        |       |       |       |       |     1 |     3 |       ||     4
       Sacrifice Purity  |       |       |       |       |     1 |     1 |       ||     2
Evoke: Wand              |       |       |       |    32 |       |       |       ||    32
  Use: Potion            |       |       |     3 |     1 |     1 |    11 |     2 ||    18
       Scroll            |       |       |    10 |    11 |     8 |    11 |       ||    40
 Stab: Distracted        |       |       |     1 |     2 |     3 |     8 |       ||    14
       Invisible         |       |       |       |     6 |     5 |    18 |     1 ||    30
       Paralysed         |       |       |       |       |     8 |    13 |       ||    21
       Petrifying        |       |       |       |       |     1 |       |       ||     1
       Petrified         |       |       |       |       |     1 |       |       ||     1
Armor: Scale mail        |    30 |    62 |   235 |    57 |       |       |       ||   384
       Swamp dragon scal |       |       |       |   182 |       |       |       ||   182
       Skin              |       |       |       |    16 |       |       |       ||    16
       Crystal plate arm |       |       |       |   272 |   813 |   877 |   174 ||  2136
Dodge: Dodged            |    23 |    42 |   157 |   219 |   259 |   207 |    67 ||   974
Block: Kite shield       |    36 |    76 |   276 |   551 |   360 |   261 |    17 ||  1577
       Reflection        |       |       |       |       |       |    38 |       ||    38

Table legend: (Time is in decaauts)
 A = Elapsed time spent in this place.
 B = Non-inter-level travel time spent in this place.
 C = Inter-level travel time spent in this place.
 D = Time resting spent in this place.
 E = Time spent auto-exploring this place.
 F = Levels seen in this place.
 G = Mean time per level.
                   A        B        C        D        E       F      G
               +--------+--------+--------+--------+--------+-----+--------+
         Total |  38981 |  37269 |   1712 |  10322 |  16910 |  33 | 1181.2 |
       Dungeon |  16065 |  15013 |   1052 |   3229 |   8313 |  14 | 1147.5 |
          Lair |   4782 |   4546 |    236 |    394 |   2994 |   5 |  956.4 |
        Shoals |      4 |      4 |      0 |      0 |      0 |   1 |    4.0 |
     Snake Pit |   7862 |   7714 |    148 |   3405 |   2502 |   4 | 1965.5 |
  Orcish Mines |   2346 |   2169 |    177 |    550 |    996 |   2 | 1173.0 |
   Elven Halls |   5331 |   5233 |     98 |   2317 |   1259 |   3 | 1777.0 |
         Abyss |    505 |    505 |      0 |     79 |    159 |   1 |  505.0 |
         Sewer |    643 |    643 |      0 |      0 |    300 |   1 |  643.0 |
       Ossuary |   1053 |   1053 |      0 |    295 |    361 |   1 | 1053.0 |
      Ice Cave |    386 |    386 |      0 |     51 |     24 |   1 |  386.0 |
               +--------+--------+--------+--------+--------+-----+--------+

Top non-repeatable levels by time:
   Elf:2: 3192 daAuts
 Snake:4: 2820 daAuts
 Snake:1: 2333 daAuts
    D:10: 2089 daAuts
     D:9: 1883 daAuts
   Orc:2: 1781 daAuts
     D:8: 1653 daAuts
     D:3: 1653 daAuts
 Snake:2: 1564 daAuts
     D:6: 1410 daAuts
     D:4: 1345 daAuts
  Lair:2: 1264 daAuts
   Elf:1: 1264 daAuts
    D:11: 1245 daAuts
  Lair:5: 1231 daAuts
